 Dungeon Crawl Stone Soup version 0.14-a0-1721-g84c87b2 (webtiles) character file.

315 Nicoed the Chopper (level 5, -2/28 HPs)
             Began as a Tengu Fighter on Jan 2, 2014.
             Slain by Mygna's ghost (7 damage)
             ... on Level 3 of the Dungeon.
             The game lasted 00:09:15 (1721 turns).

Nicoed the Chopper (Tengu Fighter)                  Turns: 1721, Time: 00:09:15

HP  -2/28        AC  5     Str 17      XL: 5   Next: 81%
MP   7/7         EV  8     Int  9      God:
Gold 112         SH 18     Dex 13      Spells:  0 memorised,  4 levels left

rFire  . . .     SeeInvis .     a - +0 hand axe
rCold  . . .     Clarity  .     p - +0 ring mail
rNeg   . . .     Conserve .     c - +0 shield
rPois  +         rCorr    .     (helmet restricted)
rElec  .         rRot     .     (no cloak)
SustAb . .       Spirit   .     (no gloves)
rMut   .         Warding  .     (boots unavailable)
Saprov . . .     Stasis   .     (no amulet)
                                (no ring)
                                j - ring of poison resistance

@: slightly resistant to hostile enchantments, extremely unstealthy
A: able to fly, beak, horns 1, talons 3, carnivore 1, frail 1
a: Fly


You were on level 3 of the Dungeon.
You were not hungry.

You visited 1 branch of the dungeon, and saw 3 of its levels.

You collected 112 gold pieces.

Inventory:

Hand weapons
 a - a +0,+0 hand axe (weapon)
Armour
 c - a +0 shield (worn)
 p - a +0 ring mail (worn)
Comestibles
 d - a bread ration
 f - 5 meat rations
Scrolls
 l - a scroll of fear
 m - a scroll of enchant weapon II {unknown}
 q - 2 scrolls of teleportation
Jewellery
 j - a ring of poison resistance (left hand)
Potions
 e - a potion of speed


   Skills:
 - Level 3.2 Fighting
 + Level 4.1 Axes
 - Level 3.4 Armour
 * Level 4.0 Dodging
 - Level 3.2 Shields


You had 4 spell levels left.
You didn't know any spells.

Dungeon Overview and Level Annotations

Branches:
Dungeon (3/16)

Altars:

Annotations:
D:3 Mygna's ghost, average DsMo


Innate Abilities, Weirdness & Mutations

You can fly.
You have a beak for a mouth.
You have claws for feet.
You have a pair of small horns on your head.
Your digestive system is specialised to digest meat.
You are frail (-10% HP).


Message History

Mygna's ghost is heavily damaged.
You block Mygna's ghost's attack.
Your shield and ring mail prevent you from hitting Mygna's ghost.
Your kick misses Mygna's ghost.
You peck Mygna's ghost, but do no damage.
Mygna's ghost is heavily damaged.
Mygna's ghost hits you.
You hit Mygna's ghost but do no damage. Your kick misses Mygna's ghost.
You headbutt Mygna's ghost, but do no damage.
Mygna's ghost is heavily damaged.
Mygna's ghost hits you!
* * * LOW HITPOINT WARNING * * *
You closely miss Mygna's ghost.
Mygna's ghost is heavily damaged.
You block Mygna's ghost's attack.
You hit Mygna's ghost. Your kick misses Mygna's ghost.
Your peck misses Mygna's ghost.
Mygna's ghost is severely damaged.
Mygna's ghost hits you!
You die...

#...# #...########
#.........%.
##############...####....
#.............(..........
#.####...#####...........
#.# #...# #...####.... #.#
#...# #...# #.... #.#
##.p@#####...####.... #.#
#.......>......>..... #.#
#....#####.........##
###.###.#....###...........
#.....#.#..................
#.....#.#....###.........##
#.......%..................
#.....#.#..#####.........##
#.....#.#..# #.........#


You could see Mygna's ghost.

Vanquished Creatures
  A hippogriff skeleton (D:3)
  9 adders
  2 giant mites (D:2)
  A giant gecko (D:3)
  An ooze (D:3)
  An orc (D:3)
  7 giant cockroaches
  7 hobgoblins
  6 jackals (D:1)
  7 bats
  4 giant newts
  4 goblins
  5 kobolds
  17 rats
72 creatures vanquished.

Notes
Turn   | Place    | Note
--------------------------------------------------------------
     0 | D:1      | Nicoed, the Tengu Fighter, began the quest for the Orb.
     0 | D:1      | Reached XP level 1. HP: 14/14 MP: 1/1
    99 | D:1      | Reached XP level 2. HP: 19/19 MP: 3/3
   298 | D:1      | Reached skill level 1 in Dodging
   298 | D:1      | Reached XP level 3. HP: 15/23 MP: 4/4
   683 | D:2      | Reached XP level 4. HP: 10/28 MP: 5/5
  1052 | D:3      | Reached XP level 5. HP: 32/32 MP: 7/7
  1292 | D:3      | Reached skill level 4 in Axes
  1500 | D:3      | Noticed Mygna's ghost (average DsMo)
  1547 | D:2      | Gained mutation: Your digestive system is specialised to digest meat. [potion of mutation]
  1547 | D:2      | Gained mutation: You have a pair of small horns on your head. [potion of mutation]
  1547 | D:2      | Gained mutation: You are frail (-10% HP). [potion of mutation]
  1721 | D:3      | Slain by Mygna's ghost

Action                   |  1- 3 |  4- 6 || total
-------------------------+-------+-------++-------
Melee: Hand axe          |    82 |    86 ||   168
       War axe           |       |    51 ||    51
  Use: Scroll            |       |     6 ||     6
       Potion            |       |     6 ||     6
